 Dungeon Crawl Stone Soup version 0.26-a0-667-g92642533e4 (webtiles) character file.

Game seed: 6881281272300561674

345366 Vafan the Eclecticist (level 21, 0/131 (132) HPs)
             Began as a Tengu Fire Elementalist on Oct 15, 2020.
             Was the Champion of Vehumet.
             Slain by a spectral juggernaut (19 damage)
             ... on level 1 of the Depths on Oct 18, 2020.
             The game lasted 06:15:37 (62223 turns).

Vafan the Eclecticist (Tengu Fire Elementalist)    Turns: 62223, Time: 06:15:38

HP:   0/131 (132)   AC:  9    Str: 13    XL:     21   Next: 69%
MP:   38/43         EV: 24    Int: 38    God:    Vehumet [******]
Gold: 3252          SH: 11    Dex: 12    Spells: 3/55 levels left

rFire    + + +     SeeInvis +   c - +6 dagger of Ewaes {flame, Str+4 Int+6 Dex+3 Stlth+}
rCold    + + .     Faith    .   I - +0 buckler
rNeg     + + .     Spirit   .   s - +1 robe "Petoofe" {rElec rN++ Regen+ Dex-5 SInv}
rPois    +         Reflect  +   N - +0 hat "Xailulei" {rF++ Str-4 Int+4}
rElec    +         Harm     .   E - +2 cloak {rC+}
rCorr    .         Rampage  .   m - +2 pair of gloves {archery}
MR       +....                  (boots unavailable)
Stlth    ++++......             o - amulet of reflection
HPRegen  0.71/turn              D - ring "Qatineew" {rElec rPois Int+6}
MPRegen  0.28/turn              U - ring of Aweoss {rF+ rC+ Stlth+}

@: flying quickly and evasively, studying Staves, lightly drained, quick
A: beak, talons 3, able to fly
}: 3/15 runes: barnacled, abyssal, gossamer
a: Stop Flying, Renounce Religion


You were on level 1 of the Depths.
You worshipped Vehumet.
Vehumet was exalted by your worship.
You visited 8 branches of the dungeon, and saw 36 of its levels.
You visited the Abyss 2 times.
You also visited: Bailey, Ice Cave, Volcano and Wizlab.

You collected 4818 gold pieces.
You spent 1566 gold pieces at shops.

Inventory:

Hand Weapons
 c - the +6 dagger of Ewaes (weapon) {flame, Str+4 Int+6 Dex+3 Stlth+}
   (You found it on level 4 of the Spider Nest)

   It has been specially enchanted to burn those struck by it, causing extra
   injury to most foes and up to half again as much damage against particularly
   susceptible opponents.
   It affects your strength (+4).
   It affects your intelligence (+6).
   It affects your dexterity (+3).
   It makes you more stealthy.
 Q - a +5 vampiric great sword
Missiles
 f - 5 throwing nets
 i - 79 poisoned darts (quivered)
Armour
 a - a +2 robe of magic resistance
 m - a +2 pair of gloves of archery (worn)
 s - the +1 robe "Petoofe" (worn) {rElec rN++ Regen+ Dex-5 SInv}
   (You found it on level 2 of the Shoals)

   It affects your dexterity (-5).
   It insulates you from electricity.
   It greatly protects you from negative energy.
   It lets you see invisible.
   It increases your rate of regeneration.
 E - a +2 cloak of cold resistance (worn)
 I - a +0 buckler (worn)
 N - the +0 hat "Xailulei" (worn) {rF++ Str-4 Int+4}
   (You found it on level 9 of the Dungeon)

   It affects your strength (-4).
   It affects your intelligence (+4).
   It greatly protects you from fire.
Magical Staves
 G - an uncursed staff of air
Jewellery
 d - the ring "Tolailul" {rElec rN+}
   (You took it off a crimson imp on level 1 of the Depths)

   [ring of positive energy]

   It insulates you from electricity.
   It protects you from negative energy.
 o - an amulet of reflection (around neck)
 r - an uncursed amulet of faith
 v - an uncursed ring of resist corrosion
 z - a cursed -4 ring of evasion {unknown}
 D - the ring "Qatineew" (left hand) {rElec rPois Int+6}
   (You took it off a gnoll on level 13 of the Dungeon)

   [ring of intelligence]

   It affects your intelligence (+6).
   It insulates you from electricity.
   It protects you from poison.
 M - an uncursed ring of positive energy
 P - the ring "Ziax Hoagupi" {*Contam rElec MR+ Dex+6}
   (You took it off a deep elf annihilator on level 3 of the Elven Halls)

   [ring of dexterity]

   It affects your dexterity (+6).
   It insulates you from electricity.
   It affects your resistance to hostile enchantments.
   It causes magical contamination when unequipped.
 U - the ring of Aweoss (right hand) {rF+ rC+ Stlth+}
   (You took it off a deep elf annihilator on level 3 of the Elven Halls)

   [ring of protection from cold]

   It protects you from fire.
   It protects you from cold.
   It makes you more stealthy.
 Z - the ring of Jil Tai {+Blink rElec rN+ Dex+2}
   (You took it off a deep elf sorcerer on level 3 of the Elven Halls)

   [ring of positive energy]

   It affects your dexterity (+2).
   It insulates you from electricity.
   It protects you from negative energy.
   It lets you blink.
Wands
 u - a wand of iceblast (26)
 F - a wand of disintegration (60)
 L - a wand of polymorph (11)
 R - a wand of acid (28)
 T - a wand of paralysis (16)
 V - a wand of digging (10)
Scrolls
 k - 4 scrolls of fog
 n - 3 scrolls of blinking
 p - 17 scrolls of remove curse
 t - a scroll of magic mapping
 x - a scroll of holy word
 B - 6 scrolls of identify
 J - 22 scrolls of teleportation
 X - 8 scrolls of amnesia
Potions
 b - 6 potions of might
 e - 4 potions of invisibility
 g - 4 potions of resistance
 h - 10 potions of heal wounds
 j - 7 potions of mutation
 l - 6 potions of brilliance
 w - 5 potions of cancellation
 y - 4 potions of haste
 A - 14 potions of curing
 C - 5 potions of lignification
 H - a potion of magic
 S - 3 potions of stabbing
Books
 q - a manual of Staves
Miscellaneous
 K - a condenser vane (2/2)


   Skills:
 - Level 14.0(13.8) Fighting
 - Level 12.0(11.8) Staves
 - Level 0.3(0.1) Throwing
 - Level 14.0(13.8) Dodging
 - Level 2.1(1.9) Stealth
 + Level 10.7(10.5) Shields
 - Level 0.3(0.2) Unarmed Combat
 + Level 17.7(17.5) Spellcasting
 - Level 15.6(15.4) Conjurations
 - Level 14.0(13.9) Fire Magic
 - Level 16.1(15.9) Ice Magic
 - Level 8.0(7.8) Air Magic
 - Level 6.0(5.8) Poison Magic


You had 3 spell levels left.
You knew the following spells:

 Your Spells              Type           Power        Failure   Level
a - Foxfire               Conj/Fire      ####         0%          1
b - Conjure Flame         Conj/Fire      #######.     0%          3
c - Sticky Flame          Conj/Fire      #######.     0%          4
d - Fireball              Conj/Fire      #######...   1%          5
e - Searing Ray           Conj           ######       0%          2
f - Bolt of Magma         Conj/Fire/Erth #######...   1%          5
g - Starburst             Conj/Fire      #######...   1%          6
h - Mephitic Cloud        Conj/Pois/Air  #######.     1%          3
i - Irradiate             Conj/Tmut      #######...   1%          5
j - Olgreb's Toxic Radia  Pois           ######..     1%          4
k - Conjure Ball Lightni  Conj/Air       #######...   1%          6
l - Blink                 Tloc           N/A          1%          2
m - Frozen Ramparts       Ice            ######       0%          3
n - Apportation           Tloc           ####..       1%          1
o - Passwall              Tmut/Erth      ####....     1%          2

Your spell library contained the following spells:

 Spells                   Type           Power        Failure   Level
 Chain Lightning          Conj/Air       #######...   13%         8
 Absolute Zero            Ice            ########..   32%         9
 Tornado                  Air            #######...   100%        9
 Magic Dart               Conj           ####         0%          1
 Shock                    Conj/Air       ####         0%          1
 Ozocubu's Armour         Ice            ########     0%          3
 Animate Skeleton         Necr           ####..       1%          1
 Beastly Appendage        Tmut           ####..       1%          1
 Corona                   Hex            ####...      1%          1
 Pain                     Necr           ####         1%          1
 Sandblast                Erth           ####..       1%          1
 Sting                    Tmut/Pois      ####         1%          1
 Summon Small Mammal      Summ           ####         1%          1
 Call Imp                 Summ           ####....     1%          2
 Corpse Rot               Necr/Air       N/A          1%          2
 Ensorcelled Hibernation  Hex/Ice        ######       1%          2
 Poisonous Vapours        Pois/Air       ######       1%          2
 Slow                     Hex            ####....     1%          2
 Sublimation of Blood     Necr           ####......   1%          2
 Wereblood                Tmut           ####....     1%          2
 Dazzling Flash           Conj/Hex       ######       1%          3
 Inner Flame              Hex/Fire       ######..     1%          3
 Spider Form              Tmut/Pois      ######....   1%          3
 Stone Arrow              Conj/Erth      ######       1%          3
 Confusing Touch          Hex            ####....     2%          3
 Gell's Gravitas          Tloc           ####......   2%          3
 Lesser Beckoning         Tloc           ####......   2%          3
 Portal Projectile        Hex/Tloc       ####..       2%          3
 Tukima's Dance           Hex            ####....     2%          3
 Airstrike                Air            #######...   1%          4
 Fulminant Prism          Conj/Hex       #######...   1%          4
 Ice Form                 Ice/Tmut       #######.     1%          4
 Iskenderun's Battlesphe  Conj           ########     1%          5
 Freezing Cloud           Conj/Ice/Air   #######...   1%          6
 Iron Shot                Conj/Erth      #######...   1%          6
 Orb of Destruction       Conj           ########..   1%          7
 Silence                  Hex/Air        ######....   5%          5
 Simulacrum               Ice/Necr       #######...   5%          6
 Ignition                 Fire           #######...   5%          8
 Lee's Rapid Deconstruct  Erth           ####......   7%          5
 Yara's Violent Unravell  Hex/Tmut       ####......   7%          5
 Alistair's Intoxication  Tmut/Pois      ######...    8%          5
 Spellforged Servitor     Conj/Summ      #######...   9%          7
 Cause Fear               Hex            ####......   10%         4
 Leda's Liquefaction      Hex/Erth       ####......   10%         4
 Petrify                  Tmut/Erth      ####....     10%         4
 Blade Hands              Tmut           ####......   26%         5
 Excruciating Wounds      Necr           ####......   26%         5
 Eringya's Noxious Bog    Tmut/Pois      ######....   41%         6
 Dispersal                Tloc           ####......   82%         6
 Invisibility             Hex            ####....     82%         6
 Statue Form              Tmut/Erth      ####.....    82%         6
 Discord                  Hex            ####......   100%        8
 Disjunction              Tloc           ####......   100%        8
 Shatter                  Erth           ####......   100%        9


Dungeon Overview and Level Annotations

Branches:
Dungeon (15/15)            Temple (1/1) D:5            Lair (6/6) D:8
 Shoals (4/4) Lair:2       Spider (4/4) Lair:3        Slime (0/5) Lair:6
    Orc (2/2) D:9             Elf (3/3) Orc:2        Vaults (0/5) D:14
 Depths (1/5) D:15         Bailey (visited)           IceCv (visited)
Volcano (visited)          WizLab (visited)

Altars:
Ashenzari
Cheibriados
Dithmenos
Elyvilon
Fedhas
Gozag
Hepliaklqana
Kikubaaqudgha
Makhleb
Nemelex Xobeh
Okawaru
Qazlal
Ru
Sif Muna
Trog
Uskayaw
Vehumet
Wu Jian
Xom
Yredelemnul
Zin
The Shining One
Beogh
Jiyva

Shops:
D:4 [   D:6 [*}*   D:7 [   D:10 :   D:13 (}:*(   D:15 *   Orc:1 (   Orc:2 }![[
Elf:1 ?   Elf:2 [   Elf:3 =   Shoals:3 :   Depths:1 !(!

Portals:
Hell: Depths:1
Abyss: Orc:2
Pandemonium: Depths:1
Ziggurat: Depths:1
Trove: Elf:2 (give 7 potions of haste)

Annotations:
Lair:6 Nessos
Spider:2 1 runed translucent door, Aduaf's ghost, adept KoFE
Orc:2 2 transporters, Vafan's ghost, journeyman TeFE
Elf:2 5 runed translucent doors
Depths:1 exclusion: obsidian statue, Noor's ghost, veteran VSFi


Innate Abilities, Weirdness & Mutations

You have a beak for a mouth.
You have claws for feet.
You can fly continuously.


Message History

The spectral juggernaut hits you!!
* * * LOW HITPOINT WARNING * * *
Press: ? - help, Dir - move target cursor
As you read the scroll of blinking, it crumbles to dust.
Casting: Searing Ray (safe; 0% risk of failure)
Confirm with . or Enter, or press ? or * to list all spells.
Press: ? - help, Dir - move target cursor A rock wall.
You begin to meditate on the wall.
You continue meditating on the rock. x2
You finish merging with the rock.
A spectral juggernaut is nearby!
Casting: Passwall (safe; 1% risk of failure)
Confirm with . or Enter, or press ? or * to list all spells.
Press: ? - help, Dir - move target cursor A rock wall.
You begin to meditate on the wall.
You continue meditating on the rock.
The spectral juggernaut hits you!!
* * * LOW HITPOINT WARNING * * *
The spectral juggernaut hits you!!
You die...

.⌠##...#..#
.###.#.#..############
.W...WZ..>....)(.).((#
#####...############.####
#<###...###.............#
#(()))..##....######.##.#
####....##..#.# ##.#*,#
####....##..#.#####..#*,*
#....#...#.##...@Z.∩.#*,*
###.[.......##########*,****
.##.)...........,,,,,,,,,,,*
.##.........####*******,**>*
.#(.....∩...# *,**,*
.##.........# *,**,*
.##.........## *,**,*
##'.)........#####*****,**,*
###...##.#.#.#...,,,,,,,**,*


You could see a spectral juggernaut.

Vanquished Creatures
  Mara (Shoals:3)
  Arachne (Spider:4)
  A Cloud Mage (WizLab)
  2 liches
  Rupert (D:14)
  2 deep elf blademasters (Elf:3)
  2 deep elf master archers (Elf:3)
  Asterion (Elf:3)
  Agnes (D:15)
  A kraken (Shoals:2)
  2 tentacled starspawn
  A shadow dragon (Abyss:3)
  2 fire giants (Depths:1)
  6 emperor scorpions
  5 ghost moths
  Aizul (Elf:3)
  2 spectral juggernauts (Depths:1)
  3 deep elf sorcerers (Elf:3)
  4 deep elf elementalists (Elf:3)
  5 entropy weavers
  4 stone giants (Depths:1)
  10 very ugly things
  8 deep elf demonologists
  A spectral titan (Depths:1)
  7 deep elf annihilators (Elf:3)
  3 spark wasps (WizLab)
  A yaktaur captain (Depths:1)
  8 deep elf death magi
  A merfolk javelineer (Shoals:3)
  8 blizzard demons
  2 fire dragons (Depths:1)
  7 merfolk impalers
  Josephine (D:12)
  5 vault guards (D:14)
  3 deep elf high priests (Elf:3)
  7 ogre magi
  An ice dragon (Depths:1)
  2 rakshasas (Abyss:2)
  6 ghost crabs (WizLab)
  6 hydras
  2 boulder beetles
  3 merfolk avatars
  A merfolk aquamancer (Shoals:1)
  An alligator snapping turtle (Shoals:3)
  5 centaur warriors
  A spriggan air mage (WizLab)
  3 satyrs (Shoals:4)
  12 two-headed ogres
  13 dancing weapons
  A tengu warrior (Depths:1)
  7 death yaks
  A shock serpent (WizLab)
  A spectral storm dragon (Depths:1)
  A soul eater (Depths:1)
  3 deep elf knights
  A spectral spriggan (Depths:1)
  Nergalle (Lair:1)
  5 sun demons
  A hell knight (Volcano)
  A wretched star (Abyss:3)
  5 large abominations
  2 skeletal warriors (D:15)
  2 unseen horrors
  5 death drakes
  8 sea snakes
  5 starcursed masses (Abyss:2)
  A glowing orange brain (Depths:1)
  A phantasmal warrior (D:15)
  2 wizards
  6 deep elf archers
  An orc knight (Orc:1)
  7 necromancers
  12 harpies
  15 orb spiders
  26 wolf spiders
  21 ugly things
  35 deep elf magi
  6 cyclopes
  14 manticores
  A stone giant zombie (D:15)
  14 fauns
  2 moths of wrath
  2 oklob plants (Lair:5)
  10 orc sorcerers
  A worldbinder (Abyss:2)
  8 black mambas
  A guardian serpent (Abyss:2)
  2 water nymphs
  4 apocalypse crabs (WizLab)
  2 naga magi (Abyss:2)
  6 merfolk sirens
  2 molten gargoyles (Volcano)
  A water nymph (shapeshifter) (D:15)
  12 cane toads
  5 ice statues
  5 smoke demons
  A titan simulacrum (Depths:1)
  3 gargoyles
  2 spectral elves (Depths:1)
  A torpor snail (Lair:5)
  4 centaur skeletons
  A torpor snail (shapeshifter) (Depths:1)
  Maggie (D:6)
  2 orange demons (Depths:1)
  2 rime drakes (Lair:2)
  A kobold demonologist (D:13)
  4 yaktaurs (Depths:1)
  7 demonic crawlers
  5 ancient zymes
  10 komodo dragons
  3 ice devils (Depths:1)
  2 spriggan zombies
  11 freezing wraiths
  A harpy zombie (D:15)
  3 tengu conjurers
  27 jumping spiders
  A spriggan skeleton (Depths:1)
  A tengu simulacrum (Depths:1)
  20 merfolk
  3 meliai (Spider:4)
  2 polar bears
  4 trolls
  7 wind drakes
  5 raiju (Abyss:3)
  Prince Ribbit (D:6)
  An ice dragon zombie (D:15)
  A sphinx simulacrum (Depths:1)
  7 dream sheep
  12 hornets
  2 wind drakes (shapeshifter) (Depths:1)
  8 slime creatures (D:14)
  11 snapping turtles
  8 blink frogs
  2 shadows (D:9)
  2 ynoxinuls
  14 air elementals
  8 wyverns
  A deep troll skeleton (D:15)
  24 tarantellas
  10 water elementals
  A basilisk (shapeshifter) (Elf:1)
  3 basilisks
  6 fire elementals
  A vampire (Elf:3)
  9 wraiths
  48 redbacks
  6 fire bats (Volcano)
  A human (D:14)
  31 yaks
  2 chaos spawn (Abyss:2)
  3 neqoxecs
  A yaktaur simulacrum (Depths:1)
  A death yak simulacrum (IceCv)
  6 wargs
  2 acid dragons
  4 hell hounds
  28 water moccasins
  21 orc warriors
  4 sky beasts
  5 phantoms
  2 black bears
  An eye of draining (D:9)
  2 necrophages
  20 ice beasts
  An alligator simulacrum (IceCv)
  16 ogres
  4 wolves
  8 boggarts (Depths:1)
  26 centaurs
  An elf simulacrum (Depths:1)
  8 small abominations
  A big kobold (D:10)
  2 elf zombies (Elf:1)
  21 bullfrogs
  A gnoll sergeant (D:13)
  2 earth elementals
  10 scorpions
  2 troll zombies (D:9)
  A hornet simulacrum (D:14)
  8 killer bees
  2 wyvern skeletons
  A vampire bat (Lair:2)
  14 wights
  6 howler monkeys
  7 electric eels
  4 crimson imps (Depths:1)
  3 centaur zombies
  4 bullfrog zombies
  7 hounds
  7 lava snakes (Volcano)
  3 quasits
  A jelly (D:11)
  15 orc priests
  3 iron imps (Depths:1)
  3 bullfrog skeletons
  14 iguanas
  Ijyb (D:3)
  Natasha (thrice) (D:2)
  52 orc wizards
  A lightning spire (Abyss:3)
  15 worker ants
  4 hell rats (Lair:3)
  2 killer bee zombies
  3 spriggan simulacra
  4 troll simulacra (IceCv)
  2 wolf simulacra (IceCv)
  6 centaur simulacra (IceCv)
  6 ogre zombies (D:9)
  A worker ant zombie (D:8)
  24 gnolls
  3 ogre simulacra (IceCv)
  10 adders
  5 naga simulacra (IceCv)
  4 shadow imps
  17 white imps
  2 ufetubi
  2 oozes
  An adder zombie (D:8)
  2 adder skeletons
  2 worms (D:2)
  3 dart slugs (D:1)
  16 leopard geckos
  80 orcs
  4 ball pythons
  2 giant cockroaches
  8 goblins
  21 hobgoblins
  12 jackals
  8 quokkas
  12 bats
  13 frilled lizards
  A goblin skeleton (D:9)
  2 goblin zombies (D:9)
  A hobgoblin zombie (D:9)
  18 kobolds
  7 orc skeletons (D:9)
  14 orc zombies (D:9)
  8 rats
  2 bushes
  2 starspawn tentacles (Abyss:3)
  3 tentacles (Shoals:2)
1520 creatures vanquished.

Vanquished Creatures (collateral kills)
  A ball lightning (Shoals:4)
  16 foxfires
17 creatures vanquished.

Vanquished Creatures (others)
  A merfolk aquamancer (Shoals:2)
  25 ball lightnings
  An air elemental (Elf:2)
  6 bushes (Elf:2)
  1373 foxfires
  30 fungi
  315 plants
  3 starspawn tentacles
  5 tentacles (Shoals:2)
  A withered plant (D:15)
1760 creatures vanquished.

Grand Total: 3297 creatures vanquished

Notes
Turn   | Place    | Note
-------+----------+-------------------------------------------
     0 | D:1      | Vafan the Tengu Fire Elementalist began the quest for the
                  | Orb.
     0 | D:1      | Reached XP level 1. HP: 10/10 MP: 4/4
   192 | D:1      | Reached XP level 2. HP: 15/15 MP: 1/6
   820 | D:1      | Reached XP level 3. HP: 19/19 MP: 4/7
  1890 | D:2      | Noticed Natasha
  1918 | D:2      | Killed Natasha
  1918 | D:2      | Reached XP level 4. HP: 24/24 MP: 3/9
  2256 | D:2      | Noticed Natasha
  2261 | D:2      | Killed Natasha
  2261 | D:2      | Reached skill level 3 in Spellcasting
  2324 | D:2      | Gained mutation: You can fly continuously. [Tengu growth]
  2324 | D:2      | Reached XP level 5. HP: 28/28 MP: 5/11
  2417 | D:2      | Noticed Natasha
  2430 | D:2      | Killed Natasha
  3091 | D:2      | Learned a level 3 spell: Conjure Flame
  3406 | D:3      | Noticed Ijyb
  3417 | D:3      | Killed Ijyb
  3417 | D:3      | Reached skill level 5 in Fire Magic
  3590 | D:3      | Found a sparkling altar of Nemelex Xobeh.
  3819 | D:3      | Reached XP level 6. HP: 33/33 MP: 12/12
  3913 | D:3      | Reached skill level 1 in Fighting
  4363 | D:4      | Found Gemiw's Antique Armour Emporium.
  4588 | D:4      | Found a hide-covered altar of Uskayaw.
  4597 | D:4      | Reached skill level 4 in Spellcasting
  4936 | D:4      | Reached XP level 7. HP: 39/39 MP: 14/14
  5763 | D:5      | Entered Level 5 of the Dungeon
  5935 | D:4      | Bought a pair of glowing gloves for 150 gold pieces
  6399 | D:5      | Found a staircase to the Ecumenical Temple.
  6412 | D:5      | Reached skill level 5 in Conjurations
  6412 | D:5      | Reached XP level 8. HP: 26/46 MP: 15/15
  6421 | Temple   | Entered the Ecumenical Temple
  6609 | Temple   | Became a worshipper of Vehumet
  7214 | D:6      | Found Rietiluh's Gadget Shoppe.
  7307 | D:5      | Learned a level 4 spell: Sticky Flame
  7313 | D:5      | Learned a level 5 spell: Fireball
  7400 | D:6      | Found Peafreso's Assorted Antiques.
  7603 | D:6      | Found Ufurph's Armour Shoppe.
  7685 | D:6      | Found an iron altar of Okawaru.
  7685 | D:6      | Found a stormy altar of Qazlal.
  7708 | D:6      | Found a sparkling altar of Nemelex Xobeh.
  7737 | D:6      | Reached * piety under Vehumet
  7737 | D:6      | Offered knowledge of Magic Dart by Vehumet.
  7935 | D:6      | Found Xufishroe's Assorted Antiques.
  8060 | D:6      | Noticed Maggie
  8087 | D:6      | Killed Maggie
  8087 | D:6      | Reached skill level 5 in Fighting
  8087 | D:6      | Reached XP level 9. HP: 13/54 MP: 16/16
  8551 | D:7      | Noticed Prince Ribbit
  8594 | D:6      | Killed Prince Ribbit
  8732 | D:7      | Found Naetsa Xeip's Armour Shoppe.
  9640 | D:8      | Offered knowledge of Sandblast by Vehumet.
  9791 | D:8      | Reached ** piety under Vehumet
 10143 | D:8      | Noticed a troll
 10169 | D:8      | Killed a troll
 10169 | D:8      | Reached XP level 10. HP: 63/63 MP: 17/17
 10263 | D:8      | Found a staircase to the Lair.
 10339 | D:8      | Found an opulent altar of Gozag.
 10365 | D:8      | Reached skill level 10 in Conjurations
 10904 | D:8      | Found a transporter.
 10906 | D:8      | Found a transporter.
 10907 | D:8      | Noticed a boulder beetle
 11216 | D:9      | Found a radiant altar of Vehumet.
 11338 | D:9      | Found the +0 sword of Power
 11382 | D:9      | Offered knowledge of Searing Ray by Vehumet.
 11386 | D:9      | Learned a level 2 spell: Searing Ray
 11564 | D:9      | Identified the cursed +0 hat "Xailulei" {rF++ Str-4 Int+4}
                  | (You found it on level 9 of the Dungeon)
 11601 | D:9      | Reached skill level 10 in Fire Magic
 11601 | D:9      | Reached *** piety under Vehumet
 11922 | D:9      | Offered knowledge of Stone Arrow by Vehumet.
 12028 | D:9      | Found a staircase to the Orcish Mines.
 12558 | D:10     | Entered Level 10 of the Dungeon
 12852 | D:10     | Reached **** piety under Vehumet
 12980 | D:10     | Offered knowledge of Bolt of Magma by Vehumet.
 13152 | D:10     | Found Mogeutz's Book Shop.
 13641 | D:10     | Reached XP level 11. HP: 68/68 MP: 19/19
 13754 | D:10     | Reached skill level 5 in Spellcasting
 14060 | D:11     | Learned a level 5 spell: Bolt of Magma
 14072 | D:11     | Reached skill level 6 in Spellcasting
 14355 | D:11     | Reached skill level 7 in Spellcasting
 14500 | D:11     | Killed an unseen horror
 14694 | D:11     | Noticed a white ugly thing
 14704 | D:11     | Killed a white ugly thing
 14988 | D:11     | Noticed a two-headed ogre
 15006 | D:11     | Killed a two-headed ogre
 15203 | D:12     | Noticed a two-headed ogre
 15209 | D:12     | Noticed a purple ugly thing
 15244 | D:12     | Reached ***** piety under Vehumet
 15325 | D:12     | Offered knowledge of Starburst by Vehumet.
 15329 | D:12     | Noticed Josephine
 15336 | D:12     | Killed Josephine
 15336 | D:12     | Reached skill level 8 in Spellcasting
 15563 | D:12     | Killed a two-headed ogre
 15563 | D:12     | Reached skill level 9 in Spellcasting
 15563 | D:12     | Reached XP level 12. HP: 75/75 MP: 23/26
 16013 | D:12     | Reached skill level 10 in Spellcasting
 16021 | D:12     | Learned a level 6 spell: Starburst
 16025 | D:12     | Learned a level 3 spell: Mephitic Cloud
 17426 | Lair:1   | Entered Level 1 of the Lair of Beasts
 17555 | Lair:1   | Noticed an eight-headed hydra
 17569 | Lair:1   | Killed an eight-headed hydra
 17577 | Lair:1   | Noticed Nergalle
 17828 | Lair:1   | Killed Nergalle
 17828 | Lair:1   | Reached skill level 5 in Dodging
 18848 | Lair:2   | Found a frozen archway.
 18863 | IceCv    | Entered an ice cave
 19097 | IceCv    | Reached XP level 13. HP: 79/80 MP: 28/28
 19382 | IceCv    | Found an ancient bone altar of Kikubaaqudgha.
 19383 | IceCv    | Offered knowledge of Irradiate by Vehumet.
 20651 | Lair:2   | Found a staircase to the Shoals.
 21561 | Lair:3   | Reached skill level 10 in Fighting
 21653 | Lair:3   | Found a hole to the Spider Nest.
 21661 | Lair:3   | Reached skill level 11 in Spellcasting
 21747 | Lair:3   | Found a dark tunnel.
 21761 | Volcano  | Entered a volcano
 21937 | Volcano  | Reached XP level 14. HP: 88/88 MP: 30/30
 22098 | Volcano  | Learned a level 5 spell: Irradiate
 22100 | Volcano  | Found a burning altar of Makhleb.
 22108 | Volcano  | Reached skill level 15 in Conjurations
 23300 | Lair:4   | Offered knowledge of Freezing Cloud by Vehumet.
 25296 | Lair:5   | Found a hide-covered altar of Uskayaw.
 26365 | Lair:6   | Entered Level 6 of the Lair of Beasts
 26387 | Lair:6   | Reached skill level 12 in Spellcasting
 26638 | Lair:6   | Reached ****** piety under Vehumet
 26847 | Lair:6   | Offered knowledge of Lightning Bolt by Vehumet.
 26849 | Lair:6   | Noticed Nessos
 27142 | Lair:6   | Found a viscous altar of Jiyva.
 27142 | Lair:6   | Found a staircase to the Slime Pits.
 27666 | Orc:1    | Entered Level 1 of the Orcish Mines
 27669 | Orc:1    | Found Rezaasaph's Antique Weapon Boutique.
 27684 | Orc:1    | Reached skill level 13 in Spellcasting
 27684 | Orc:1    | Reached XP level 15. HP: 66/93 MP: 1/33
 27733 | Orc:1    | Found a flagged portal.
 27742 | Bailey   | Entered a bailey
 28198 | Bailey   | Reached skill level 14 in Spellcasting
 28198 | Bailey   | Reached XP level 16. HP: 98/98 MP: 35/35
 28577 | Orc:2    | Entered Level 2 of the Orcish Mines
 28878 | Orc:2    | Found a staircase to the Elven Halls.
 28896 | Orc:2    | Found a one-way gate to the infinite horrors of the Abyss.
 28896 | Orc:2    | Noticed Vafan's ghost (journeyman TeFE)
 28901 | Orc:2    | Found a transporter.
 28903 | Orc:2    | Found a transporter.
 28903 | Orc:2    | Identified the cursed +0 scimitar of Arrival {distort, +Fly
                  | rElec rF+ Int+3}
 29550 | Orc:2    | Found Qiecvise's Gadget Emporium.
 29592 | Orc:2    | Found a radiant altar of Vehumet.
 29736 | Orc:2    | Found an ancient bone altar of Kikubaaqudgha.
 29763 | Orc:2    | Found a roughly hewn altar of Beogh.
 29763 | Orc:2    | Found Taxzoriw's Distillery.
 29859 | Orc:2    | Found Kydyorra's Antique Armour Emporium.
 29859 | Orc:2    | Found Vinowar's Antique Armour Emporium.
 30046 | Orc:2    | Found a roughly hewn altar of Beogh.
 30614 | D:13     | Found Ocummogg's Antique Weapon Emporium.
 30833 | D:13     | Identified the amulet "Sulax" {Acrobat rN+}
 30840 | D:13     | Offered knowledge of Ozocubu's Refrigeration by Vehumet.
 31189 | D:13     | Found Mugh's Antique Weapon Boutique.
 31191 | D:13     | Identified the ring "Qatineew" {rElec rPois Int+6}
 31304 | D:13     | Found Yminaec's Assorted Antiques.
 31306 | D:13     | Found Emuar's Book Boutique.
 31613 | D:13     | Found Totu's Gadget Shop.
 31676 | D:14     | Noticed Rupert
 31679 | D:14     | Reached skill level 15 in Spellcasting
 31683 | D:14     | Killed Rupert
 32655 | D:14     | Found a gate to the Vaults.
 32960 | D:15     | Entered Level 15 of the Dungeon
 33046 | D:15     | Offered knowledge of Yara's Violent Unravelling by Vehumet.
 33204 | D:15     | Found a staircase to the Depths.
 33929 | D:15     | Noticed Agnes
 33933 | D:15     | Killed Agnes
 33942 | D:15     | Reached XP level 17. HP: 86/105 MP: 12/37
 34112 | D:15     | Found Tiapn's Assorted Antiques.
 34306 | D:15     | Upgraded the game from 0.26-a0-665-gefeb406119 to
                  | 0.26-a0-667-g92642533e4
 34495 | Spider:1 | Entered Level 1 of the Spider Nest
 34656 | D:10     | Bought the Grimoire of Bewitching Poison for 700 gold
                  | pieces
 34661 | D:10     | Learned a level 4 spell: Olgreb's Toxic Radiance
 34829 | Spider:1 | Reached skill level 1 in Poison Magic
 35165 | Spider:1 | Reached skill level 10 in Dodging
 35165 | Spider:1 | Reached skill level 16 in Spellcasting
 36189 | Spider:1 | Got a blackened spear
 36813 | Spider:2 | Offered knowledge of Conjure Ball Lightning by Vehumet.
 37417 | Spider:2 | Found a runed translucent door.
 37417 | Spider:2 | Noticed Aduaf's ghost (adept KoFE)
 38310 | Shoals:1 | Entered Level 1 of the Shoals
 38463 | D:13     | Identified the +5 spear of Thoughtfulness {drain, rElec rC+
                  | Stlth+} (You found it on level 1 of the Spider Nest)
 38719 | Shoals:1 | Reached skill level 5 in Poison Magic
 39655 | Shoals:1 | Learned a level 6 spell: Conjure Ball Lightning
 39952 | Shoals:2 | Reached skill level 1 in Air Magic
 40724 | Shoals:2 | Noticed a kraken
 40730 | Shoals:2 | Killed a kraken
 40990 | Shoals:2 | Got a smoking ring mail
 41399 | Shoals:2 | Identified the +6 ring mail "Mynaklug" {Regen+} (You found
                  | it on level 2 of the Shoals)
 41457 | Shoals:3 | Noticed Mara
 41756 | Shoals:3 | Reached XP level 18. HP: 35/114 MP: 6/39
 42012 | Shoals:3 | Found Puanob Riank's Gadget Boutique.
 42126 | Shoals:3 | Learned a level 2 spell: Blink
 42154 | Shoals:3 | Killed Mara
 42154 | Shoals:3 | Reached skill level 5 in Air Magic
 42255 | Shoals:2 | Identified the +1 robe "Petoofe" {rElec rN++ Regen+ Dex-5
                  | SInv} (You found it on level 2 of the Shoals)
 42277 | Shoals:3 | Found Igedda Inno's Book Emporium.
 42319 | Shoals:3 | Identified the Catalogue of Congealing Enchantment
 42400 | Shoals:3 | Reached skill level 1 in Ice Magic
 42944 | Shoals:4 | Entered Level 4 of the Shoals
 43856 | Shoals:4 | Offered knowledge of Chain Lightning by Vehumet.
 43856 | Shoals:4 | Offered knowledge of Tornado by Vehumet.
 43856 | Shoals:4 | Offered knowledge of Absolute Zero by Vehumet.
 43924 | Shoals:4 | Identified the +3 glaive "Zezeelaz" {vorpal, rN+} (You
                  | found it on level 4 of the Shoals)
 44335 | Shoals:4 | HP: 5/116 [water nymph/the raging water (36)]
 44753 | Shoals:4 | Reached skill level 5 in Ice Magic
 45530 | Shoals:4 | Got a barnacled rune of Zot
 45970 | Spider:3 | Reached skill level 1 in Shields
 47022 | Spider:4 | Entered Level 4 of the Spider Nest
 47114 | Spider:4 | Got a slimy dagger
 47119 | Spider:3 | Identified the +6 dagger of Ewaes {flame, Str+4 Int+6 Dex+3
                  | Stlth+} (You found it on level 4 of the Spider Nest)
 47266 | Spider:4 | Noticed Arachne
 47311 | Spider:4 | Killed Arachne
 48152 | Spider:4 | Learned a level 3 spell: Frozen Ramparts
 48362 | Spider:4 | Reached XP level 19. HP: 75/121 MP: 17/40
 49893 | Spider:4 | Got a gossamer rune of Zot
 49965 | Spider:4 | Got a bloodstained arbalest
 50190 | D:13     | Bought a scroll of identify for 62 gold pieces
 50190 | D:13     | Identified the +4 arbalest of Blood {vorpal, rElec rPois
                  | Int-4 Dex-3} (You found it on level 4 of the Spider Nest)
 50348 | Elf:1    | Entered Level 1 of the Elven Halls
 50504 | Elf:1    | Reached skill level 10 in Ice Magic
 50727 | Elf:1    | Identified Kikubaaqudgha's Papyrus of Sinister Rituals
 51487 | Elf:1    | Found Fuhaa's Magic Scroll Emporium.
 52083 | Elf:2    | Found a shimmering blue altar of Sif Muna.
 52365 | Elf:2    | Found a huge runed translucent gate.
 52365 | Elf:2    | Found a huge runed translucent gate.
 52365 | Elf:2    | Found a huge runed translucent gate.
 52365 | Elf:2    | Found a huge runed translucent gate.
 52365 | Elf:2    | Found a huge runed translucent gate.
 53122 | Elf:2    | Found Sedim's Armour Shoppe.
 53294 | Elf:2    | Found a portal to a secret trove of treasure.
 53476 | Elf:3    | Entered Level 3 of the Elven Halls
 53796 | Elf:3    | Noticed Aizul
 53802 | Elf:3    | Killed Aizul
 54011 | Elf:3    | Reached skill level 1 in Staves
 54172 | Elf:3    | Found Oxteul's Jewellery Shoppe.
 54177 | Elf:3    | Noticed Asterion
 54190 | Elf:3    | Killed Asterion
 54935 | Elf:3    | Reached skill level 5 in Shields
 55043 | Elf:3    | Reached XP level 20. HP: 127/127 MP: 28/41
 55052 | Elf:3    | Identified the amulet of the Augurer {rElec Regen+ Str+2
                  | Int-2}
 55055 | Elf:3    | Reached skill level 5 in Staves
 55166 | Elf:3    | Identified the +4 flail of the Heavens {vorpal, rN+++ Dex-5
                  | SInv}
 55510 | Elf:3    | Reached skill level 15 in Ice Magic
 55574 | Elf:3    | Cast into level 2 of the Abyss (a deep elf demonologist)
 55653 | Abyss:2  | Found a corrupted altar of Lugonu.
 56152 | Abyss:3  | Learned a level 1 spell: Apportation
 56431 | Abyss:3  | Got an abyssal rune of Zot
 56443 | Elf:3    | Escaped the Abyss
 56721 | Elf:3    | Noticed a Tzitzimitl
 56793 | Elf:3    | Identified the +5 hand axe of Mutilation {vorpal, rElec rF+
                  | rC+ Dex+4}
 56793 | Elf:3    | Identified the ring "Ziax Hoagupi" {*Contam rElec MR+
                  | Dex+6}
 56797 | Elf:3    | Identified the ring of Aweoss {rF+ rC+ Stlth+}
 57147 | Elf:3    | Identified the +1 falchion of Gumir {antimagic, rN+++}
 57151 | Elf:3    | Identified the +5 acid dragon scales of Salvation {rCorr
                  | Int-3 Dex+3 SInv}
 57176 | Elf:3    | Identified the ring of Jil Tai {+Blink rElec rN+ Dex+2}
 57178 | Elf:3    | Cast into level 3 of the Abyss (a deep elf sorcerer)
 57469 | Elf:3    | Escaped the Abyss
 57719 | Elf:3    | Identified the Collected Works on Heat and Envenoming
 57737 | Elf:3    | Identified Sif Muna's Disquisition on Clay and Poisoning
 58138 | Depths:1 | Entered Level 1 of the Depths
 58143 | Depths:1 | Learned a level 2 spell: Passwall
 58146 | Depths:1 | Found Duxeavur's Antique Weapon Emporium.
 58167 | Depths:1 | Found a one-way gate leading to the halls of Pandemonium.
 58217 | Depths:1 | Found Ibleh's Distillery.
 58225 | Depths:1 | Bought a potion of heal wounds for 110 gold pieces
 58244 | Depths:1 | Found a gateway to a ziggurat.
 58300 | Depths:1 | Reached skill level 10 in Staves
 58477 | Depths:1 | Identified the ring "Tolailul" {rElec rN+}
 58610 | Depths:1 | Found a gateway to Hell.
 58636 | Depths:1 | Found a magical portal.
 58652 | WizLab   | Entered The Chambers of the Cloud Mage
 58881 | WizLab   | Reached XP level 21. HP: 131/132 MP: 26/42
 59350 | WizLab   | Reached skill level 17 in Spellcasting
 60487 | WizLab   | Identified the Collected Works on Feathers
 61221 | Depths:1 | Reached skill level 10 in Shields
 61784 | Depths:1 | Found a runed translucent gate.
 61786 | Depths:1 | Found Kastag's Distillery.
 61787 | Depths:1 | Found a runed translucent gate.
 61788 | Depths:1 | Found a runed translucent gate.
 61794 | Depths:1 | Bought a potion of cancellation for 136 gold pieces
 61794 | Depths:1 | Bought a potion of magic for 136 gold pieces
 61794 | Depths:1 | Bought a potion of cancellation for 136 gold pieces
 61794 | Depths:1 | Bought a potion of cancellation for 136 gold pieces
 62116 | Depths:1 | Noticed Noor's ghost (veteran VSFi)
 62223 | Depths:1 | Slain by a spectral juggernaut

Illustrated notes

Levels and vault maps discovered:
D:1:      dpeg_arrival_erosion, layout_loops_ring
D:2:      layout_basic, uniq_natasha
D:3:      layout_loops_ring, chequers_serial_rivers_small_3,
          nemelex_dance_club_becter, uniq_ijyb
D:4:      layout_loops_ring, nicolae_overflow_crystal_walls, serial_shops,
          nicolae_shop_trees
D:5:      layout_cave_pods, minmay_temple_entry_ruins, minmay_manual_mares
D:6:      layout_rooms, gammafunk_temple_overflow_claw, serial_shops, shop,
          nicolae_shop_waterfront, nicolae_shop_competitors_out_of_business,
          shop, uniq_maggie
D:7:      layout_loops_ring, serial_shops, shop, serial_park_tiny_pond,
          minivault_19, uniq_prince_ribbit1
D:8:      gammafunk_boulding_lane, layout_loops_ring,
          grunt_lair_entry_orc_guard_hut, serial_bayou, serial_bayou_pond_d,
          serial_bayou_lagoon_a, serial_bayou_pond_c, serial_bayou_pond_d,
          nicolae_gozag_seed_capital
D:9:      layout_gridville, zombieorc2_lemuel, basic_altar
D:10:     layout_basic, serial_shops, shop
D:11:     layout_gridville
D:12:     minmay_ice_pillars, layout_rooms, uniq_josephine
D:13:     layout_cave_pools, serial_shops, shop_statue, shop, shop,
          nicolae_shop_crystal, kennysheep_mini_moat,
          chequers_serial_rivers_micro_c, kennysheep_nub
D:14:     layout_rooms, grunt_vaults_entry_fortified, minmay_misc_feat_room,
          corexii_checkpoint_a, uniq_rupert
D:15:     gammafunk_depths_entry_grave, layout_loops_ring, serial_shops, shop,
          minmay_crystal_water, uniq_agnes
Temple:   hc_temple_tempest_star
Lair:1:   layout_gridlike, minmay_shattered_shrine, uniq_nergalle
Lair:2:   layout_big_grid, minmay_shoals_entry_beasts, portal_ice_cave_rime,
          roderic_batcave, serial_bayou_shore_a, lemuel_fruit_tree,
          lemuel_fruit_fields
Lair:3:   layout_hall_layers, nicolae_spider_entry_tight_spaces, enter_volcano_3
Lair:4:   layout_regular_city, minivault_27, grunt_megastairs_1
Lair:5:   lemuel_reptile_caves, layout_layer_cave, basic_altar,
          minmay_lair_oklob_chamber
Lair:6:   hangedman_lair_tendril_chambers, layout_cave_shapes,
          hangedman_lair_caniforms_friends, slime_altar_1,
          gammafunk_ghost_cemetery, grunt_forest_small_clearings, minivault_27,
          hangedman_lair_unloving_vines, minivault_11, uniq_nessos
Shoals:1: layout_shoals
Shoals:2: layout_shoals
Shoals:3: layout_shoals, serial_shops, shop,
          nicolae_shop_temple_entry_statues_fountains, uniq_mara
Shoals:4: shoals_end_grunt_garden, layout_shoals
Spider:1: layout_spider_delve
Spider:2: layout_spider_delve, ebering_ghost_reflecting_pool
Spider:3: layout_spider_delve
Spider:4: spider_rune_water, uniq_arachne
Orc:1:    layout_caves, serial_shops, nicolae_shop_trees, enter_bailey_2
Orc:2:    kennysheep_orc_mage_school, layout_diamond_mine,
          gammafunk_ghost_abyssal_escape, basic_altar
Elf:1:    layout_loops_corners, serial_shops, nicolae_shop_stone,
          minmay_elf_necromancy
Elf:2:    layout_geoelf_grid, basic_altar, serial_shops,
          nicolae_shop_competitors_out_of_business, enter_trove_1
Elf:3:    elf_hall, layout_geoelf_castle, serial_shops, shop, uniq_aizul,
          uniq_asterion
Depths:1: layout_basic, enter_ziggurat_a, grunt_hell_entry_demonic_statue,
          hangedman_abyss_or_decor_passed, serial_shops, shop, shop,
          shop_fountains, gammafunk_ghost_necromancy, grunt_pan_entry_spiral,
          mu_enter_wizlab_6, kennysheep_generic_room_10

Skill      XL: |  1  2  3  4  5  6  7  8  9 10 11 12 13 14 15 16 17 18 19 20 21 |
---------------+----------------------------------------------------------------+-----
Fire Magic     | 4 5 6 7 9 10 11 12 13 14 | 14.0
Conjurations   | 2 3 5 7 9 11 12 13 14 15 | 15.6
Spellcasting   | 3 4 9 10 11 13 14 15 16 17 | 17.7
Fighting       | 1 3 5 7 8 9 10 11 13 14 | 14.0
Dodging        | 3 4 5 7 8 9 12 13 14 | 14.0
Poison Magic   | 6 |  6.0
Air Magic      | 4 7 8 |  8.0
Ice Magic      | 7 14 16 | 16.1
Shields        | 3 5 8 10 | 10.7
Staves         | 4 10 12 | 12.0
Throwing       | |  0.3
Stealth        | |  2.1
Unarmed Combat | |  0.3

Action                   |  1- 3 |  4- 6 |  7- 9 | 10-12 | 13-15 | 16-18 | 19-21 || total
-------------------------+-------+-------+-------+-------+-------+-------+-------++-------
Melee: Unarmed           |     6 |     1 |       |       |       |       |       ||     7
       Kick              |     1 |     1 |    27 |    43 |    26 |    46 |    10 ||   154
       Short sword       |       |    11 |       |       |       |       |       ||    11
       Peck              |       |     1 |    12 |    29 |    20 |    35 |     6 ||   103
       Dagger            |       |       |    85 |    73 |       |     8 |    44 ||   210
       Great sword       |       |       |       |   103 |   130 |   150 |       ||   383
Throw: Boomerang         |     3 |       |       |       |       |       |       ||     3
       Dart              |     1 |     5 |       |     1 |     2 |     8 |    20 ||    37
 Cast: Foxfire           |    77 |   156 |   247 |   275 |    29 |    25 |     3 ||   812
       Conjure Flame     |       |       |     5 |    12 |       |       |       ||    17
       Sticky Flame      |       |       |     1 |    32 |    37 |    62 |    34 ||   166
       Fireball          |       |       |       |    63 |    78 |   307 |   296 ||   744
       Searing Ray       |       |       |       |    14 |    80 |    27 |   137 ||   258
       Bolt of Magma     |       |       |       |    65 |    72 |   106 |   168 ||   411
       Starburst         |       |       |       |     7 |    58 |    74 |    59 ||   198
       Olgreb's Toxic Ra |       |       |       |       |       |    73 |    18 ||    91
       Conjure Ball Ligh |       |       |       |       |       |     6 |     5 ||    11
       Blink             |       |       |       |       |       |     3 |       ||     3
       Frozen Ramparts   |       |       |       |       |       |       |     9 ||     9
       Mephitic Cloud    |       |       |       |       |       |       |     2 ||     2
       Passwall          |       |       |       |       |       |       |     7 ||     7
       Apportation       |       |       |       |       |       |       |     2 ||     2
       Irradiate         |       |       |       |       |       |       |     4 ||     4
 Abil: Fly               |       |     1 |       |       |       |       |       ||     1
Evoke: Wand              |       |       |     6 |       |     2 |     5 |     6 ||    19
  Use: Scroll            |       |       |    14 |    17 |     7 |    14 |     7 ||    59
       Potion            |       |       |       |     1 |     4 |     8 |    10 ||    23
 Stab: Sleeping          |       |     1 |     1 |     2 |     1 |     1 |     1 ||     7
       Invisible         |       |       |       |       |     2 |       |       ||     2
Armor: Robe              |     5 |     5 |     3 |       |    25 |    36 |    33 ||   107
       Acid dragon scale |       |       |    26 |    87 |       |    71 |       ||   184
Dodge: Dodged            |    19 |    11 |    89 |   191 |   301 |   417 |   220 ||  1248
       Repelled          |       |       |       |       |     1 |     2 |       ||     3
Block: Other             |     8 |    12 |    35 |    76 |    68 |   101 |       ||   300
       Reflection        |       |     1 |     2 |     5 |    11 |     6 |    16 ||    41
       Buckler           |       |       |       |       |       |    22 |   154 ||   176
       Rpst.: Great sword |       |       |       |    45 |    68 |    84 |       ||   197

Table legend: (Time is in decaauts)
 A = Elapsed time spent in this place.
 B = Non-inter-level travel time spent in this place.
 C = Inter-level travel time spent in this place.
 D = Time resting spent in this place.
 E = Time spent auto-exploring this place.
 F = Levels seen in this place.
 G = Mean time per level.
                   A        B        C        D        E       F      G
               +--------+--------+--------+--------+--------+-----+--------+
         Total |  59935 |  56800 |   3135 |   6373 |  39963 |  43 | 1393.8 |
       Dungeon |  21908 |  20285 |   1623 |   1794 |  14872 |  15 | 1460.5 |
        Temple |    195 |    182 |     13 |      0 |    174 |   1 |  195.0 |
          Lair |   7771 |   7241 |    530 |    517 |   5281 |   6 | 1295.2 |
        Shoals |   6910 |   6691 |    219 |   1204 |   4554 |   4 | 1727.5 |
   Spider Nest |   7388 |   7120 |    268 |   1089 |   4951 |   4 | 1847.0 |
  Orcish Mines |   2339 |   2097 |    242 |     62 |   1589 |   2 | 1169.5 |
   Elven Halls |   6172 |   5937 |    235 |    127 |   5007 |   3 | 2057.3 |
        Depths |   1636 |   1635 |      1 |    128 |    893 |   1 | 1636.0 |
         Abyss |   1124 |   1124 |      0 |    268 |    364 |   3 |  374.7 |
        Bailey |    467 |    467 |      0 |     57 |    282 |   1 |  467.0 |
      Ice Cave |   1215 |   1215 |      0 |    246 |    681 |   1 | 1215.0 |
       Volcano |    925 |    925 |      0 |    566 |     39 |   1 |  925.0 |
        Wizlab |   1880 |   1880 |      0 |    313 |   1271 |   1 | 1880.0 |
               +--------+--------+--------+--------+--------+-----+--------+

Top non-repeatable levels by time:
   Elf:3: 3147 daAuts
Spider:4: 2644 daAuts
Shoals:3: 2591 daAuts
  Lair:5: 2571 daAuts
Spider:1: 2185 daAuts
    D:12: 1981 daAuts
     D:8: 1979 daAuts
  WizLab: 1880 daAuts
   Orc:2: 1838 daAuts
     D:2: 1770 daAuts
    D:10: 1764 daAuts
    D:15: 1691 daAuts
Depths:1: 1636 daAuts
Spider:2: 1636 daAuts
   Elf:1: 1574 daAuts
